 Seeded DCSS version 0.28-a0-1510-gd0f6b136d3 (webtiles) character file.

Game seed: 20220115 (custom seed)

77 psuckher the Digger (level 4, -2/24 HPs)
             Began as a Gargoyle Earth Elementalist on Jan 15, 2022.
             Slain by a goblin (3 damage)
             ... led by Robin
             ... on level 2 of the Dungeon.
             The game lasted 00:09:35 (1208 turns).

psuckher the Digger (Gargoyle Earth Elementalist)   Turns: 1208, Time: 00:09:35

Health: -2/24      AC:  5    Str: 12    XL:     4   Next: 33%
Magic:  7/8        EV: 12    Int: 17    God:
Gold:   73         SH:  0    Dex: 10    Spells: 3/8 levels left

rFire   . . .      SeeInvis .   f - +0 dagger
rCold   . . .      Faith    .   (no shield)
rNeg    + . .      Spirit   .   b - +0 robe
rPois   ∞          Reflect  .   (no helmet)
rElec   +          Harm     .   (no cloak)
rCorr   .          Rampage  .   (no gloves)
Will    .....                   (no boots)
Stlth   ++........              (no amulet)
HPRegen 0.08/turn               (no ring)
MPRegen 0.11/turn               (no ring)

@: no status effects
A: sickness immunity, AC +3, negative energy resistance 1, electricity
resistance, torment resistance 1, petrification resistance
a: no special abilities


You were on level 2 of the Dungeon.
You visited 1 branch of the dungeon, and saw 2 of its levels.

You collected 73 gold pieces.

Inventory:

Hand Weapons
 f - a +0 dagger (weapon)
Missiles
 c - 25 stones
Armour
 b - a +0 robe (worn)
Scrolls
 a - a scroll of identify
Potions
 d - a potion of invisibility {unknown}
 h - 2 potions of magic


   Skills:
 + Level 1.8 Dodging
 + Level 2.3 Stealth
 + Level 0.4 Unarmed Combat
 + Level 2.7 Spellcasting
 + Level 0.7 Transmutations
 + Level 5.1 Earth Magic


You had 3 spell levels left.
You knew the following spells:

 Your Spells              Type           Power      Damage    Failure   Level
a - Sandblast             Erth           38%        2d10      2%          1
b - Summon Ice Beast      Ice/Summ       2%         N/A       87%         4

Your spell library contained the following spells:

 Spells                   Type           Power      Damage    Failure   Level
 Passwall                 Tmut/Erth      10%        N/A       9%          2
 Stone Arrow              Conj/Erth      22%        3d8       19%         3
 Frozen Ramparts          Ice            4%         1d2       47%         3
 Petrify                  Tmut/Erth      12%        N/A       47%         4
 Ice Form                 Ice/Tmut       3%         N/A       83%         4


Dungeon Overview and Level Annotations

Branches:
Dungeon (2/15)

Altars:

Shops:
D:2 :

Annotations:
D:2 Robin


Innate Abilities, Weirdness & Mutations

You are immune to sickness and miasma.
Your stone body is resilient. (AC +3)
You are immune to poison.
You resist negative energy. (rN+)
You are resistant to electric shocks. (rElec)
You are resistant to unholy torment.
You are immune to petrification.


Message History

The goblins go into a battle-frenzy!
You closely miss the goblin.
The goblin is moderately wounded.
Robin laughs in a distinctly smug fashion.
The goblin hits you with a +0 dagger.
You hit the goblin.
The goblin is severely wounded.
The goblin closely misses you. The goblin hits you but does no damage.
The goblin hits you but does no damage.
A goblin comes into view. It is wielding a +0 dagger.
You closely miss the goblin.
The goblin is heavily wounded.
The goblin closely misses you. The hobgoblin closely misses you.
The goblin hits you but does no damage.
You closely miss the goblin.
The goblin is heavily wounded.
The goblin hits you with a +0 dagger.
The hobgoblin hits you but does no damage. x2
The goblin closely misses you.
You hit the goblin.
The goblin is severely wounded.
The goblin hits you with a +0 dagger. The hobgoblin closely misses you.
The goblin hits you with a +0 dagger.
The hobgoblin hits you but does no damage.
You hit the goblin.
You kill the goblin!
The goblin hits you but does no damage.
A goblin comes into view. It is wielding a +0 club.
The hobgoblin hits you.
* * * LOW HITPOINT WARNING * * *
The goblin shouts!
You hit the hobgoblin.
The hobgoblin is lightly wounded.
The hobgoblin closely misses you. The goblin hits you with a +0 dagger.
* * * LOW HITPOINT WARNING * * *
The hobgoblin completely misses you.
You closely miss the hobgoblin.
The hobgoblin is lightly wounded.
The hobgoblin misses you. The goblin hits you with a +0 dagger.
You die...

#############
######.........g@###
####
...............ggg.#
#...
.###############g#.#
#.## .# #g#.# #.# .#
#g#.###########.## .#
#### #.#............)..
.#
g.gg.##g########..###..#
.#
####...................#
##
...g....########..####.#


You could see Robin, 3 hobgoblins and 4 goblins.

Vanquished Creatures
  3 adders (D:2)
  A worm (D:2)
  A dart slug (D:1)
  3 ball pythons
  5 endoplasms
  3 goblins
  5 hobgoblins
  5 jackals (D:1)
  4 kobolds
  2 quokkas
  3 bats
  2 frilled lizards
  3 rats (D:2)
40 creatures vanquished.

Notes
Turn   | Place    | Note
-------+----------+-------------------------------------------
     0 | D:1      | psuckher the Gargoyle Earth Elementalist began the quest
                  | for the Orb.
     0 | D:1      | Reached XP level 1. HP: 10/10 MP: 3/3
   308 | D:1      | Reached skill level 4 in Earth Magic
   309 | D:1      | Reached XP level 2. HP: 12/15 MP: 0/5
   536 | D:1      | Reached XP level 3. HP: 7/19 MP: 4/6
   539 | D:1      | You fall into a shaft and drop 1 floor!
   661 | D:2      | Found Ablil's Book Shoppe.
   834 | D:2      | Reached skill level 5 in Earth Magic
   834 | D:2      | Reached XP level 4. HP: 16/24 MP: 5/7
  1146 | D:2      | Learned a level 4 spell: Summon Ice Beast
  1196 | D:2      | Noticed Robin
  1207 | D:2      | HP: 1/24 [goblin[Robin] (4)]
  1208 | D:2      | Slain by a goblin

Illustrated notes

Levels and vault maps discovered:
D:1:      saegor_arrival_fortress, layout_basic, shapermc_ecumenical_altar_petra
D:2:      layout_loops_ring, serial_shops, nicolae_shop_statue_plus,
          minmay_ruptured, uniq_robin

Skill      XL: |  1  2  3 |
---------------+----------+-----
Earth Magic    | 4 5 |  5.1
Dodging        | |  1.8
Stealth        | |  2.3
Unarmed Combat | |  0.4
Spellcasting   | |  2.7
Transmutations | |  0.7

Action                   |  1- 3 |  4- 6 || total
-------------------------+-------+-------++-------
Melee: Unarmed           |    37 |       ||    37
       Dagger            |    16 |    24 ||    40
       Punch             |     2 |     1 ||     3
 Cast: Sandblast         |    29 |    11 ||    40
  Use: Scroll            |     7 |       ||     7
       Potion            |       |     1 ||     1
Armor: Robe              |    28 |    15 ||    43
Dodge: Dodged            |    45 |    16 ||    61

Table legend: (Time is in decaauts)
 A = Elapsed time spent in this place.
 B = Non-inter-level travel time spent in this place.
 C = Inter-level travel time spent in this place.
 D = Time resting spent in this place.
 E = Time spent auto-exploring this place.
 F = Levels seen in this place.
 G = Mean time per level.
                   A        B        C        D        E       F      G
               +--------+--------+--------+--------+--------+-----+--------+
         Total |   1207 |   1078 |    129 |      0 |      0 |   2 |  603.5 |
       Dungeon |   1207 |   1078 |    129 |      0 |      0 |   2 |  603.5 |
               +--------+--------+--------+--------+--------+-----+--------+

Top non-repeatable levels by time:
     D:2: 668 daAuts
     D:1: 538 daAuts
